 Dungeon Crawl Stone Soup version 0.32-a0-43-g058985b245 (webtiles) character file.

Game seed: 18250015324238507119

30 Khashishi the Gusty (level 3, -1/24 HPs)
             Began as a Demonspawn Air Elementalist on Feb 5, 2024.
             Was a Follower of Ru.
             Slain by Sigmund
             ... wielding a +2 vampiric scythe
              (3 damage)
             ... on level 3 of the Dungeon.
             The game lasted 00:12:01 (999 turns).

Khashishi the Gusty (Demonspawn Air Elementalist)    Turns: 999, Time: 00:12:01

Health: -1/24      AC:  2    Str: 14    XL:     3   Next: 5%
Magic:  2/6        EV: 12    Int: 17    God:    Ru [*.....]
Gold:   65         SH:  0    Dex: 13    Spells: 4/7 levels left

rFire   . . .        (no weapon)
rCold   . . .        (no shield)
rNeg    . . .        a - +0 robe
rPois   .            (no helmet)
rElec   .            (no cloak)
rCorr   .            (no gloves)
SInv    .            (no boots)
Will    .....        (no amulet)
Stlth   ++           h - +6 ring of strength
HPRegen 0.24/turn    (no ring)
MPRegen 0.10/turn

%: no passive effects
@: no status effects
A: claws 2, inability to drink after injury 2
a: Renounce Religion


You were on level 3 of the Dungeon.
You worshipped Ru.
Ru was aware of your devotion.
You visited 1 branch of the dungeon, and saw 3 of its levels.

You collected 65 gold pieces.

Inventory:

Armour
 a - a +0 robe (worn)
Jewellery
 h - a +6 ring of strength (left claw)
Scrolls
 c - a scroll of enchant armour {unknown}
 d - a scroll of noise {unknown}
 g - a scroll of immolation {unknown}
Potions
 e - a potion of resistance {unknown}
 f - a potion of heal wounds {unknown}
 i - a potion of cancellation {unknown}


   Skills:
 - Level 1.7 Dodging
 - Level 1.7 Stealth
 + Level 2.5 Spellcasting
 + Level 1.8 Conjurations
 + Level 3.1 Air Magic


You had 4 spell levels left.
You knew the following spells:

 Your Spells              Type           Power      Damage    Failure   Level
a - Shock                 Conj/Air       40%        1d5       7%          1
b - Static Discharge      Conj/Air       20%        3-4/arc   10%         2

Your spell library contained the following spells:

 Spells                   Type           Power      Damage    Failure   Level
 Swiftness                Air            12%        N/A       16%         3
 Airstrike                Air            6%         2d(1-17)  45%         4


Dungeon Overview and Level Annotations

Branches:
Dungeon (3/15)

Altars:
Ru

Shops:
D:1 =[!=

Annotations:
D:3 Sigmund


Innate Abilities, Weirdness & Mutations

You have very sharp fingernails.
You sometimes lose the ability to drink potions when taking damage.


Message History

The magic dart hits you.
Casting: Shock (safe; 7% risk of failure)
Confirm with . or Enter, or press ? or * to list all spells.
Aiming: Shock (safe; 7% risk of failure)
Press: ? - help, Shift-Dir - straight line The zap hits something. x2
Casting: Shock (safe; 7% risk of failure)
Confirm with . or Enter, or press ? or * to list all spells.
Aiming: Shock (safe; 7% risk of failure)
Press: ? - help, Shift-Dir - straight line The zap hits something. x2
You hear some strange, mumbled words.
A puff of flame appears from out of thin air!
The puff of flame hits you! Magic courses through your body.
Something hits you but does no damage.
Casting: Shock (safe; 7% risk of failure)
Confirm with . or Enter, or press ? or * to list all spells.
Aiming: Shock (safe; 7% risk of failure)
Press: ? - help, Shift-Dir - straight line
Casting: Shock (safe; 7% risk of failure)
Confirm with . or Enter, or press ? or * to list all spells.
Aiming: Shock (safe; 7% risk of failure)
Press: ? - help, Shift-Dir - straight line The zap hits something.
You hear some strange, mumbled words.
A puff of flame appears from out of thin air!
The puff of flame hits you!
* * * LOW HITPOINT WARNING * * *
Casting: Shock (safe; 7% risk of failure)
Confirm with . or Enter, or press ? or * to list all spells.
Aiming: Shock (safe; 7% risk of failure)
Press: ? - help, Shift-Dir - straight line Something hits you.
* * * LOW HITPOINT WARNING * * *
Casting: Shock (safe; 7% risk of failure)
Confirm with . or Enter, or press ? or * to list all spells.
Aiming: Shock (safe; 7% risk of failure)
Press: ? - help, Shift-Dir - straight line The zap hits something.
Something hits you.
You die...

#+## ### #.. ..# #
.. #.# #.#.#
....######.#####.#.#
........#....@.....#
....###.....<###.###
. #.#....# #.#
#.#..#.###.#
#.#....@.{.#
#......###.#
###........#
##########


There were no monsters in sight!

Vanquished Creatures
  2 bats (D:1)
  2 endoplasms (D:1)
  2 giant cockroaches (D:1)
  5 goblins (D:1)
  2 hobgoblins (D:1)
  4 kobolds (D:1)
  A quokka (D:2)
  3 ball pythons (D:1)
  6 rats (D:1)
27 creatures vanquished.

Notes
Turn   | Place    | Note
-------+----------+-------------------------------------------
     0 | D:1      | Khashishi the Demonspawn Air Elementalist began the quest
                  | for the Orb.
     0 | D:1      | Reached XP level 1. HP: 13/13 MP: 3/3
    76 | D:1      | Found Esich's Distillery.
   123 | D:1      | Found Ajalasoc's Armour Emporium.
   222 | D:1      | Gained mutation: You have sharp fingernails. [demonic
                  | ancestry]
   222 | D:1      | Reached XP level 2. HP: 19/19 MP: 3/5
   347 | D:1      | Learned a level 2 spell: Static Discharge
   360 | D:1      | Found a faded altar of an unknown god.
   379 | D:1      | Reached skill level 3 in Air Magic
   431 | D:1      | Prayed at the altar of an unknown god.
   431 | D:1      | Became a worshipper of Ru the Awakened
   443 | D:1      | Gained mutation: You occasionally lose the ability to drink
                  | potions when taking damage. [Ru sacrifice]
   443 | D:1      | Gained mutation: You sometimes lose the ability to drink
                  | potions when taking damage. [Ru sacrifice]
   443 | D:1      | Reached * piety under Ru
   648 | D:1      | Found Hutryreg's Jewellery Shop.
   786 | D:1      | Gained mutation: You have very sharp fingernails. [demonic
                  | ancestry]
   786 | D:1      | Reached XP level 3. HP: 24/24 MP: 4/6
   874 | D:1      | Found Voriw's Jewellery Shoppe.
   970 | D:3      | Noticed Sigmund
   999 | D:3      | Slain by Sigmund

Illustrated notes

Levels and vault maps discovered:
D:1:      kennysheep_arrival_forest, layout_basic, serial_shops, shop,
          nicolae_shop_gibbet_a_chance, shop, nicolae_shop_hallway_stairs,
          ebering_ecumenical_altar_abandoned, minmay_misc_feat_pillars
D:2:      layout_basic, uniq_robin, uniq_crazy_yiuf_cottage, uniq_terence
D:3:      layout_loops_corners, grunt_ministairs_2, st_stairs_8,
          chequers_mini_garden, uniq_sigmund

Skill      XL: |  1  2 |
---------------+-------+-----
Air Magic      | 3 |  3.1
Dodging        | |  1.7
Stealth        | |  1.7
Spellcasting   | |  2.5
Conjurations   | |  1.8

Action                     || total
---------------------------++-------
  Melee: Unarmed           ||    25
   Cast: Shock             ||    60
 Invoke: Sacrifice Drink   ||     1
    Use: Potion            ||     1
 Armour: Robe              ||    14
  Dodge: Dodged            ||    32

Table legend: (Time is in decaauts)
 A = Elapsed time spent in this place.
 B = Non-inter-level travel time spent in this place.
 C = Inter-level travel time spent in this place.
 D = Time resting spent in this place.
 E = Time spent auto-exploring this place.
 F = Levels seen in this place.
 G = Mean time per level.
                   A        B        C        D        E       F      G
               +--------+--------+--------+--------+--------+-----+--------+
         Total |    998 |    998 |      0 |      0 |     82 |   3 |  332.7 |
       Dungeon |    998 |    998 |      0 |      0 |     82 |   3 |  332.7 |
               +--------+--------+--------+--------+--------+-----+--------+

Top non-repeatable levels by time:
     D:1: 891 daAuts
     D:2: 73 daAuts
     D:3: 33 daAuts
